[Event "USA Junior-ch 2022"]
[Site "Saint Louis"]
[Date "2022.07.07"]
[Round "1.1"]
[White "Hong, Andrew"]
[Black "Brodsky, David"]
[Result "1-0"]
[ECO "B99"]
[WhiteElo "2504"]
[BlackElo "2496"]
[Annotator "TA"]
[PlyCount "67"]
[EventDate "2022.07.07"]
[EventType "tourn"]
[EventCountry "USA"]
[SourceTitle "playchess.com"]
[Source "ChessBase"]
[SourceQuality "1"]
[TimeControl "40/5400+30:1800+30"]

1. e4 c5 2. Nf3 d6 3. d4 cxd4 4. Nxd4 Nf6 5. Nc3 a6 6. Bg5 e6 7. f4 Be7 8. Qf3 Qc7 9. O-O-O Nbd7 10. g4 h6 11. Bxf6 Bxf6 12. h4 Nb6 {[%emt 0:00:07] now scores much better than the old 12...Qb6. B99: Sicilian Najdorf: 6 Bg5 e6 7 f4 Be7 8 Qf3 Qc7 9 0-0-0 Nbd7.} 13. g5 Bxd4 14. Rxd4 Qc5 {[%emt 0:00:05] [#] White is slightly better.} 15. Qf2 $1 $146 {[%emt 0:00:49][%cal Oe4e5][%mdl 8] e5! is the strong threat. A relevant novelty.} ({Predecessor:} 15. Rd2 Bd7 16. Be2 Rc8 17. gxh6 Rxh6 18. h5 Na4 19. Nxa4 Bxa4 20. c3 Bc6 21. Rhd1 {1-0 (39) Brkic,A (2621)-Van Foreest,J (2691) Riga 2021}) 15... hxg5 $1 16. e5 {[%emt 0:01:10] Strongly threatening Ne4.} gxf4 17. Bd3 {[%emt 0:00:29][%cal Bf1d3,Bd3g6,Bg6e4][%mdl 32] Threatens to win with Ne4.} f5 {[%emt 0:33:45][%mdl 8192] Against Ne4. Black cannot hold the game after this.} (17... d5 $1 $11 {and Black is okay.}) 18. exf6 $1 $18 e5 19. fxg7 Rg8 20. Bg6+ Ke7 {[%emt 0:02:22] [#]} 21. h5 $1 Qxd4 22. Qh4+ Kd7 23. h6 Kc6 24. Be4+ Kc7 25. Qf6 ({Not} 25. h7 $2 Rxg7 26. Qd8+ (26. h8=Q $2 Rg1+ 27. Rxg1 Qe3+ 28. Kd1 Qxg1+ 29. Kd2 Nc4+ 30. Ke2 Bg4+ 31. Qxg4 Qxg4+ $19) 26... Kb8 $19) 25... Bd7 26. Rd1 Qe3+ 27. Kb1 Kb8 28. h7 Ka7 29. hxg8=Q {[%emt 0:02:46][%mdl 64] Promotion} Rxg8 30. Qf7 Rc8 31. g8=Q Rxc3 32. bxc3 Qxe4 33. Qff8 Nc8 34. Qg1+ {[%emt 0:00:17] Weighted Error Value: White=0.02 (flawless) /Black=0.33} 1-0

[Event "USA Junior-ch 2022"]
[Site "Saint Louis"]
[Date "2022.07.08"]
[Round "1.2"]
[White "Daggupati, Balaji"]
[Black "Espinosa, Pedro"]
[Result "1-0"]
[ECO "C65"]
[WhiteElo "2488"]
[BlackElo "2130"]
[Annotator "TA"]
[PlyCount "139"]
[EventDate "2022.07.07"]
[EventType "tourn"]
[EventCountry "USA"]
[SourceTitle "playchess.com"]
[Source "ChessBase"]
[SourceQuality "1"]
[TimeControl "40/5400+30:1800+30"]

1. e4 e5 2. Nf3 Nc6 3. Bb5 Nf6 4. d3 Bc5 5. c3 d5 6. exd5 {[%emt 0:00:16] C65: Ruy Lopez: Berlin Defence (3...Nf6), unusual lines and 4 0-0 Bc5.} Qxd5 7. Bc4 Qd6 8. b4 {[%emt 0:00:08] The position is equal.} Bb6 9. Nbd2 {[%emt 0:00:07] Inhibits e4.} Bf5 10. Ng5 O-O (10... Bxd3 11. Bxf7+ (11. Nxf7 Qf8 $11) 11... Ke7 12. Nc4 Bxc4 13. Bxc4 (13. Qxd6+ cxd6 14. Bxc4 h6 $17) 13... Qxd1+ 14. Kxd1 $14) 11. Nde4 {[%emt 0:00:04] [#]} Bxe4 $146 ({Predecessor:} 11... Nxe4 12. dxe4 Qxd1+ 13. Kxd1 Bg4+ 14. Ke1 h6 15. h3 Bd7 16. Nf3 Rfe8 17. a4 a6 {1-0 (75) Saric,I (2665)-Ragger,M (2668) Terme Catez 2021}) 12. Nxe4 Nxe4 13. dxe4 Qxd1+ 14. Kxd1 Bxf2 15. g3 Ne7 16. a4 a5 $1 17. Ke2 $1 Bb6 18. Bg5 (18. bxa5 $11 Rxa5 19. Ba3) 18... Nc8 $15 19. b5 h6 $36 {[%emt 0:03:57][%mdl 2048] Black has strong initiative.} 20. Bc1 Nd6 21. Bd5 Bc5 22. Rb1 Rac8 23. Be3 Bxe3 24. Kxe3 g5 25. h4 Kg7 26. Rhd1 Rfd8 27. Rd2 Kf6 ({Black should play} 27... f5 $17 {White must now prevent ...f4+.} 28. Rh2 c6 29. bxc6 bxc6) 28. Rf1+ Ke7 $1 {[%emt 0:02:23] Threatens to win with ...c6.} 29. Rdf2 Rf8 (29... c6 $1 $15 30. bxc6 bxc6 31. Bxf7 Rf8) 30. Rf6 $2 (30. c4 $1 $11 c6 31. bxc6 bxc6 32. c5 cxd5 33. cxd6+ Kxd6 34. Rf6+ Ke7 35. exd5) 30... gxh4 $2 (30... c6 $19 31. bxc6 bxc6) 31. gxh4 $2 {[%emt 0:00:05] [#]} ({White has to play} 31. c4 $1 $15 c6 32. c5 Nxb5 33. Rxf7+ Rxf7 34. Rxf7+ Ke8 35. Be6) 31... Rh8 $2 ({Black should try} 31... c6 $1 $19 32. bxc6 bxc6) 32. c4 $11 {[%emt 0:03:27] aiming for c5.} b6 33. R6f3 Rcf8 34. c5 bxc5 35. Rc1 {[%emt 0:00:03] Against c4} f5 36. Rxc5 Kd7 (36... f4+ 37. Kf2 Kd8 38. Rc6 $16) 37. Rf1 (37. Ke2 $5 ) 37... fxe4 38. Rfc1 Rf3+ 39. Ke2 {[%emt 0:00:14] Dancing on a razor blade.} Rc8 40. Bc6+ {[%emt 0:07:38][%mdl 64] Discovered Attack} Ke6 {[%emt 0:00:26] Strongly threatening ...Nf5.} 41. Bd5+ {[%emt 0:32:07][%mdl 64] Discovered Attack} Kd7 42. Bxe4 Rf2+ 43. Ke3 {[%emt 0:03:21] Bc6+ is the strong threat.} Nxe4 44. Rxe5 Re8 45. Rxe8 $16 Kxe8 46. Rxc7 Rh2 $2 47. Kxe4 $18 Rxh4+ {[%emt 0:00:00][%mdl 4096] Endgame KR-KR} 48. Kd5 Rxa4 49. b6 Kd8 50. Rh7 Rb4 51. Kc6 Rc4+ 52. Kb5 Rb4+ 53. Kc6 Rc4+ 54. Kd5 Rb4 55. b7 a4 56. Kc6 a3 57. Rh8+ Ke7 58. b8=Q {[%emt 0:00:00] White mates.} (58. Ra8 Ke6 59. Rxa3 (59. Re8+ Kf5 $11) 59... Kf6 $18) 58... Rxb8 59. Rxb8 {[%emt 0:00:00] KR-KPP} Kf6 60. Kd5 Kf5 61. Ra8 h5 62. Rxa3 {[%emt 0:00:00] KR-KP} h4 63. Kd4 Kf4 64. Rb3 Kg4 65. Ke3 Kg3 66. Rb8 h3 {[%emt 0:00:44] [#]} 67. Rg8+ $1 Kh2 68. Kf2 Kh1 69. Ra8 Kh2 70. Rh8 {[%emt 0:00:00] Quite a comeback for White.  Weighted Error Value: White=0.40/Black=0.26 (precise)} 1-0

[Event "USA Junior-ch 2022"]
[Site "Saint Louis"]
[Date "2022.07.08"]
[Round "1.3"]
[White "Wang, Justin"]
[Black "Liang, Awonder"]
[Result "1-0"]
[ECO "E95"]
[WhiteElo "2469"]
[BlackElo "2625"]
[Annotator "TA"]
[PlyCount "101"]
[EventDate "2022.07.07"]
[EventType "tourn"]
[EventCountry "USA"]
[SourceTitle "playchess.com"]
[Source "ChessBase"]
[SourceQuality "1"]
[TimeControl "40/5400+30:1800+30"]

1. d4 Nf6 2. c4 g6 3. Nc3 Bg7 4. e4 O-O 5. Nf3 d6 6. Be2 Nbd7 7. O-O e5 8. Re1 Re8 9. Bf1 h6 {[%emt 0:00:01] E95: King's Indian: Classical: 7...Nbd7 8 Re1.} 10. d5 a5 11. g3 Nc5 {[%emt 0:04:30] The position is equal.} 12. Nh4 c6 {[%emt 0:15:10] [#]} 13. f3 $146 ({Predecessor:} 13. Qc2 cxd5 14. cxd5 Bd7 15. Be3 Rc8 16. Bxc5 Rxc5 17. Qb3 Qc7 18. Ng2 Rb8 19. a4 {0-1 (26) Bobrov,I (2186)-Grishchenko,V (2103) Voronezh 2007}) 13... cxd5 14. cxd5 Nh5 15. Ng2 f5 16. Bb5 Bd7 17. Bxd7 Qxd7 18. Be3 Rac8 19. Qe2 Nf6 20. exf5 gxf5 21. Rad1 (21. Nh4 $14) 21... Na4 $1 $11 22. Nxa4 (22. Nb5 {is interesting.} e4 23. Rf1 exf3 24. Rxf3 Ng4 25. Nd4) 22... Qxa4 23. b3 (23. Nh4 {seems wilder.} f4 24. Bc1 Rc2 25. Qf1) 23... Qd7 24. Qd2 f4 25. gxf4 e4 26. Qf2 Qh3 27. fxe4 Nxe4 28. Qh4 Qf5 {[%emt 0:10:46] ...Bf6 is the strong threat.} 29. Bd4 Rc7 30. Ne3 Bxd4 31. Rxd4 Rg7+ 32. Kf1 $1 (32. Kh1 Qh3 $3 33. Rg1 Rxg1+ 34. Kxg1 Qxh4 35. Kh1 Nf2+ 36. Kg2 Rxe3 37. f5 Qh3+ 38. Kg1 Re1+ 39. Kxf2 Qe3+ 40. Kg2 Rg1#) 32... Qc8 {[%emt 0:05:58] Hoping for ...Qc3.} 33. Qh5 (33. Qxh6 $2 Qc3 34. Rdd1 Nf6 $19) 33... Nf6 {[%emt 0:01:43] [#]} (33... Ree7 $1 $11) 34. Qf5 $1 $36 {[%emt 0:01:12][%mdl 2048] Strongly threatening Qxc8. Keeping Black busy.} Qc3 35. Rd3 $2 (35. Qxf6 $18 {[%cal Oa2a4] Threatens to win with a4!} Ree7 36. Kf2 Qb2+ 37. Re2 Rg2+ 38. Nxg2 Rxe2+ 39. Kf3 Rxg2 40. Qe6+ Kh7 41. Qd7+ Rg7 42. Qf5+ Kh8 43. Qf8+ Kh7 44. Qf5+ Kh8 45. Qf8+ Kh7 46. Qf5+) 35... Qb4 36. a3 (36. Qxf6 $6 Qe4 37. Rd2 (37. Ke2 Rg2+ 38. Kd1 Qxd3+ 39. Kc1 Qd2+ 40. Kb1 Qxe1+) 37... Qh1+ 38. Ke2 Rxe3+ 39. Kxe3 Qxe1+ 40. Re2 Qc1+ 41. Rd2 (41. Ke4 Qh1+ 42. Ke3 Qc1+ 43. Rd2 Rg2 $11) 41... Rg2 42. Qd8+ Kh7 43. Qe7+ Kh8 44. Qd8+ Kh7 45. Qe7+ Kh8 46. Qd8+ Kh7 $11) ({White should play} 36. Rc1 $16 {And now Rc4 would win.} Qe4 37. Qxe4 Nxe4 38. Nf5) 36... Qb5 (36... Rg1+ $11 37. Kxg1 Qxe1+ 38. Nf1 Ne4) 37. Nc4 {[%emt 0:00:51] Really sharp!} Rf8 {[%emt 0:00:40] A mistake that costs the game.} (37... Rxe1+ $16 38. Kxe1 Qc5 39. Qe6+ (39. Qxf6 Qg1+ 40. Ke2 Qxh2+ 41. Kf3 Qg2+ 42. Ke3 Qg1+ 43. Kf3 Rg3+ 44. Ke4 Qh1+ 45. Kf5 Qh3+ 46. Ke4 Rxd3 $11) 39... Kh7) 38. Qe6+ $18 Kh8 (38... Rff7 $142 39. Ree3 (39. Qxd6 a4 $16) 39... Qc5) 39. Qxd6 Nh7 40. a4 Qb4 {[%emt 0:00:00][%cal Og7g1] aiming for ...Rg1+!} 41. Re4 Nf6 42. Qxb4 {[%emt 0:01:38] White is clearly winning.} axb4 43. Red4 Nd7 44. Kf2 Rg4 45. Rf3 Kh7 46. h3 Rg7 47. Ne5 Nf6 48. d6 Rfg8 49. d7 Rg2+ 50. Ke3 Rd8 51. Rd6 {[%emt 0:00:15] Weighted Error Value: White=0.12 (very precise) /Black=0.33} 1-0

[Event "USA Junior-ch 2022"]
[Site "Saint Louis"]
[Date "2022.07.07"]
[Round "1.4"]
[White "Yoo, Christopher Woojin"]
[Black "Jacobson, Brandon"]
[Result "1-0"]
[ECO "C65"]
[WhiteElo "2550"]
[BlackElo "2544"]
[Annotator "TA"]
[PlyCount "75"]
[EventDate "2022.07.07"]
[EventType "tourn"]
[EventCountry "USA"]
[SourceTitle "playchess.com"]
[Source "ChessBase"]
[SourceQuality "1"]
[TimeControl "40/5400+30:1800+30"]

1. e4 e5 2. Nf3 Nc6 3. Bb5 Nf6 4. O-O Bc5 5. c3 O-O 6. d4 Bb6 7. Bg5 d6 8. Bxc6 bxc6 9. dxe5 dxe5 10. Qa4 {[%emt 0:02:25] C65: Ruy Lopez: Berlin Defence (3...Nf6), unusual lines and 4 0-0 Bc5.} Qd6 11. Nbd2 Nd7 12. Nc4 {[%emt 0:04:00] The position is equal.} Qe6 {[%emt 0:04:23] And now ...Nc5 would win.} 13. Be3 {[%emt 0:03:45] [#]} a5 $146 {[%emt 0:14:00] Threatens to win with ...Ba6.} ({Predecessor:} 13... f6 14. Rfd1 a5 15. Nxb6 Nxb6 16. Qb3 Re8 17. Bxb6 Qxb3 18. axb3 cxb6 19. Rd6 Re6 20. Rd8+ Kf7 21. Rad1 Re7 22. h3 Bb7 23. Rxa8 Bxa8 24. Rd8 Re8 {½-½ (24) Pech,J (1859)-Silva (1890) LSS email 2008}) 14. Nxb6 cxb6 15. Rfd1 c5 16. Rd5 {[%emt 0:04:23] White is more active.} Qe8 17. Qc6 Rb8 18. Qd6 Qe6 {[%emt 0:05:24] [#]} (18... f6 $14) 19. Qxe6 $1 $18 fxe6 20. Rd3 c4 21. Rd6 b5 22. Rxe6 Nf6 23. Rb6 (23. Rxe5 $18 {aiming for Nd4.} Ng4 24. Re7) 23... Rxb6 $16 24. Bxb6 a4 25. Nd2 Bb7 26. f3 Kf7 27. Nf1 Nd7 {[%emt 0:00:34] [#]} (27... Ke6 $16) 28. Ba5 $1 $18 Ra8 29. Bb4 Nf6 30. Rd1 {[%emt 0:00:28] Against Rd8} Re8 (30... Bc6 $16 31. Ne3 Ne8) 31. Ne3 g6 32. g4 {[%emt 0:03:18][%cal Bg2g4,Bg4g5][%mdl 32] Hoping for g5.} Bc8 (32... h6 $142 33. Rd6 Re6) 33. g5 Nh5 34. Rd5 Nf4 35. Rxb5 Rd8 (35... Be6 {might work better.} 36. Rb7+ (36. Rxe5 Rd8 $16) 36... Kg8) 36. Nxc4 {[%emt 0:02:12] White is clearly winning.} Ba6 37. Nxe5+ Kg8 38. Rb6 {[%emt 0:01:35] Weighted Error Value: White=0.04 (flawless) /Black=0.32} 1-0

[Event "USA Junior-ch 2022"]
[Site "Saint Louis"]
[Date "2022.07.07"]
[Round "1.5"]
[White "Mishra, Abhimanyu"]
[Black "Yip, Carissa"]
[Result "1/2-1/2"]
[ECO "B66"]
[WhiteElo "2553"]
[BlackElo "2416"]
[Annotator "TA"]
[PlyCount "62"]
[EventDate "2022.07.07"]
[EventType "tourn"]
[EventCountry "USA"]
[SourceTitle "playchess.com"]
[Source "ChessBase"]
[SourceQuality "1"]
[TimeControl "40/5400+30:1800+30"]

1. e4 c5 2. Nf3 d6 3. d4 cxd4 4. Nxd4 Nf6 5. Nc3 Nc6 6. Bg5 e6 7. Qd2 a6 8. Nxc6 {[%emt 0:01:05] B66: Sicilian: Richter-Rauzer: 7...a6 8 0-0-0 h6.} bxc6 9. O-O-O {[%emt 0:00:22][%cal Oe4e5] Hoping for e5!} Be7 10. Bxf6 {[%emt 0:02:36] White is slightly better.} gxf6 11. Bc4 Qa5 12. Rhe1 Bb7 $1 13. Bb3 O-O-O {[%emt 0:01:39] [#]} 14. a3 $146 ({Predecessor:} 14. Qe2 h5 15. f4 f5 16. Kb1 h4 17. exf5 Qxf5 18. Bc4 a5 19. Bd3 Qc5 20. f5 {1-0 (58) Kulkarni,C (2281)-Deepak,K (2123) Montcada 2018}) 14... f5 15. f4 fxe4 16. Nxe4 Qxd2+ 17. Nxd2 d5 18. f5 {[%emt 0:09:11] The position is equal.} Bd6 19. fxe6 fxe6 20. Rxe6 Bxh2 21. Nf3 Bf4+ 22. Kb1 Rde8 23. Rf6 Rhf8 24. Rxf8 Rxf8 25. c4 Rg8 26. cxd5 cxd5 27. Bxd5 Bxd5 28. Rxd5 Rxg2 $11 {[%emt 0:00:04] KRB-KRN} 29. Rf5 Bh6 30. Rh5 Bg7 31. Rxh7 Rxb2+ {[%emt 0:01:15] Weighted Error Value: White=0.05 (flawless) /Black=0.05 (flawless)} 1/2-1/2

[Event "USA Junior-ch 2022"]
[Site "Saint Louis"]
[Date "2022.07.08"]
[Round "2.1"]
[White "Hong, Andrew"]
[Black "Daggupati, Balaji"]
[Result "1-0"]
[ECO "B45"]
[WhiteElo "2504"]
[BlackElo "2488"]
[Annotator "TA"]
[PlyCount "75"]
[EventDate "2022.07.07"]
[EventType "tourn"]
[EventCountry "USA"]
[SourceTitle "playchess.com"]
[Source "ChessBase"]
[SourceQuality "1"]
[TimeControl "40/5400+30:1800+30"]

1. e4 c5 2. Nf3 e6 3. d4 cxd4 4. Nxd4 Nf6 5. Nc3 Nc6 6. Nxc6 bxc6 7. e5 Nd5 8. Ne4 Qc7 9. f4 Qb6 10. c4 Bb4+ 11. Ke2 f5 12. exf6 Nxf6 {[%emt 0:00:15] B45: Sicilian Four Knights.} 13. Be3 Qd8 14. Nd6+ Bxd6 {[%emt 0:00:06] The position is equal.} 15. Qxd6 Bb7 16. Kd1 c5 17. Qxc5 (17. Bxc5 Ne4 18. Qe5 (18. Qd4 d6 $17) 18... Nxc5 19. Qxc5 Rc8 $15) 17... Be4 {[%emt 0:00:32] Inhibits Bd3.} 18. Qa3 d6 19. Bd3 O-O 20. Rc1 d5 {[%emt 0:03:53] [#] Threatens to win with ...dxc4.} 21. c5 {[%emt 0:00:26] [#]} d4 $146 ({Predecessor:} 21... Bxg2 22. Re1 Ng4 23. c6 Rc8 24. Qxa7 Be4 25. Bb6 Qf6 26. Bxe4 dxe4 27. Rc3 Qxf4 {½-½ (43) Wilkinson,C-Quilang,A ICCF email 2021}) 22. Bd2 (22. Bxe4 $2 Nxe4 23. Qd3 {[#]} Rxf4 $3 $19 ) 22... Qd5 (22... Ng4 $5 23. Bxe4 Nf2+ 24. Kc2 Nxe4 $11) 23. Re1 Qf5 24. Ba6 Qh5+ 25. Be2 {[%emt 0:11:12] A strong pair of Bishops.} Qd5 {[%emt 0:03:28] aiming for ...d3.} 26. Bf3 $1 {[%emt 0:15:06] Bxe4 is the strong threat.} (26. c6 $2 d3 27. Bxd3 Bxd3 $17) 26... Qf5 (26... Rad8 $14) 27. c6 $18 Rac8 28. Bb4 (28. Qxa7 $6 Bxf3+ 29. gxf3 Qh5 $16) 28... Rfe8 (28... Rfd8 $16) 29. Bxe4 ({Avoid the trap} 29. Qxa7 $2 Bxf3+ 30. gxf3 Qd3+ 31. Bd2 Qxf3+ 32. Kc2 Rxc6+ 33. Kb1 Qd3+ 34. Ka1 Qxd2 $19) 29... Nxe4 30. Qf3 {[%emt 0:00:22] Really sharp!} Nf6 (30... Qb5 $2 31. Rxe4 Qxb4 32. Qb3) 31. Re5 Qg6 32. Bd2 Nd5 $2 (32... h6 {might work better.} 33. h3 Qf7) 33. f5 {[%emt 0:03:25] White is clearly winning.} Qf6 (33... Qf7 $142 34. fxe6 Qxf3+ 35. gxf3 Nc7) 34. Rxe6 ({Less strong is} 34. Qe4 Nc7 35. Rcc5 (35. Qxd4 Red8 $16) 35... exf5 36. Qxf5 (36. Qxd4 Red8 $16) 36... Qxf5 37. Rxf5 a6 $18) 34... Ne3+ 35. Bxe3 Rxe6 36. fxe6 {[%emt 0:00:52] Strongly threatening Qxf6.} Qxe6 37. Bf4 Qxa2 38. c7 {[%emt 0:00:52] Weighted Error Value: White=0.01 (flawless) /Black=0.26 (precise)} 1-0

[Event "USA Junior-ch 2022"]
[Site "Saint Louis"]
[Date "2022.07.09"]
[Round "2.2"]
[White "Espinosa, Pedro"]
[Black "Wang, Justin"]
[Result "1/2-1/2"]
[ECO "A58"]
[WhiteElo "2130"]
[BlackElo "2469"]
[Annotator "RC"]
[PlyCount "146"]
[EventDate "2022.07.07"]
[EventType "tourn"]
[EventCountry "USA"]
[SourceTitle "playchess.com"]
[Source "ChessBase"]
[SourceQuality "1"]
[TimeControl "40/5400+30:1800+30"]

1. d4 Nf6 2. c4 c5 3. d5 b5 4. cxb5 a6 5. bxa6 g6 6. Nc3 Bg7 7. e4 O-O 8. Nf3 Qa5 9. Bd2 Bxa6 10. Bxa6 Qxa6 11. Qe2 d6 12. a4 Nfd7 13. Ra2 Rc8 14. Nb5 Qb7 15. Bc3 Na6 16. O-O Nc7 17. Nxc7 Rxc7 18. Bxg7 Kxg7 19. Qc4 Qb4 20. Rc1 Qxc4 21. Rxc4 Nb6 22. Rc1 Rxa4 23. Rxa4 Nxa4 24. b4 Rb7 25. bxc5 Nxc5 26. Nd2 Rb2 27. Rd1 f5 28. exf5 gxf5 29. Nc4 Rb4 30. Ne3 Kf6 31. f3 h5 32. g3 Rb3 33. Kf2 Rb2+ 34. Kg1 Nd7 35. Rd4 Re2 36. Ng2 Ne5 37. Nh4 Ng6 38. Nxg6 Kxg6 39. g4 fxg4 40. fxg4 h4 41. h3 Kg5 42. Kh1 Kf6 43. Rf4+ Ke5 44. Rf5+ Ke4 45. Kg1 Rd2 46. Rf7 Rxd5 47. Rxe7+ Kf3 48. Kf1 Rd1+ 49. Re1 Rd2 50. Re6 d5 51. Rf6+ Ke4 52. Rh6 d4 53. Rxh4 Kf3 54. Ke1 Re2+ 55. Kd1 Rh2 56. Rh8 Ke3 57. Rd8 Rxh3 58. g5 Rh1+ 59. Kc2 Rh2+ 60. Kd1 Kd3 61. Ke1 Re2+ 62. Kf1 Re5 63. g6 Rg5 64. Rg8 Kd2 65. g7 d3 66. Kf2 Rf5+ 67. Kg3 Rf7 68. Kh4 Rc7 69. Kh5 Kc2 70. Kh6 d2 71. Rd8 Rxg7 72. Kxg7 d1=Q 73. Rxd1 Kxd1 1/2-1/2

[Event "USA Junior-ch 2022"]
[Site "Saint Louis"]
[Date "2022.07.08"]
[Round "2.3"]
[White "Brodsky, David"]
[Black "Yip, Carissa"]
[Result "1/2-1/2"]
[ECO "C55"]
[WhiteElo "2496"]
[BlackElo "2416"]
[Annotator "TA"]
[PlyCount "80"]
[EventDate "2022.07.07"]
[EventType "tourn"]
[EventCountry "USA"]
[SourceTitle "playchess.com"]
[Source "ChessBase"]
[SourceQuality "1"]
[TimeControl "40/5400+30:1800+30"]

1. e4 e5 2. Nf3 Nc6 3. Bc4 Nf6 4. d3 h6 5. O-O d6 6. a4 g6 7. Nc3 Bg7 8. h3 O-O 9. Be3 {[%emt 0:00:04] 9.Re1 is more fashionable. C55: Two Knights: 4 d3, 4 d4 exd4 5 e5 and Max Lange Attack.} Nh5 10. Qd2 Kh7 11. g4 {[%emt 0:00:07] [#]} f5 $146 ({Predecessor:} 11... Nf4 12. Bxf4 exf4 13. Qxf4 f5 14. exf5 gxf5 15. Qg3 fxg4 16. hxg4 Bxc3 17. bxc3 d5 {0-1 (69) Cuhendi,S (2398)-Babikov,I (2267) Pardubice 2017}) 12. gxh5 $16 {[%emt 0:12:22] 0x0.001b6d8d38aedp-1022s more active pieces.} f4 (12... gxh5 $142 13. exf5 Bxf5) 13. hxg6+ Kxg6 {[%emt 0:04:55] [#]} 14. Kh2 Kh7 {[%emt 0:00:09] [#]} (14... Qd7 15. Ng1) 15. Qe2 (15. Rg1 Qd7 16. Rg4 fxe3 17. Qxe3 Nd4 $15) (15. Qd1 $1 $16) 15... Qd7 $1 $14 {[%emt 0:13:39] [#]} 16. Ng1 {[%emt 0:01:12][%cal Oe2h5] Hoping for Qh5!} f3 $1 (16... fxe3 $2 17. fxe3 Rxf1 18. Rxf1 $18) 17. Qd1 (17. Qd2 $1 $14 {might be stronger.}) 17... Nd4 $1 $11 18. Kh1 {[%emt 0:12:41] [#]} (18. Rb1 $11 {remains equal.}) 18... Qe8 $1 $17 19. Bxd4 Qh5 (19... exd4 $19 20. Nce2 (20. Nxf3 dxc3 21. bxc3 Bxh3 $17) 20... fxe2 21. Qxe2 Rf4) 20. Kh2 $1 $11 {[%emt 0:01:28] Threatens to win with Be3.} exd4 21. Nce2 $1 fxe2 (21... Qg5 $2 22. Ng3 Qh4 23. Qd2 $16 (23. Nxf3 $2 Qxh3+ 24. Kg1 Bg4 $19)) 22. Qxe2 Be5+ $1 23. f4 $1 Bxf4+ 24. Kh1 $1 $132 {[%emt 0:00:26][%mdl 2048] White is fighting back} ({Wrong is} 24. Rxf4 $2 Qe5 25. Qg2 Qxf4+ 26. Kh1 c5 $19) 24... Qh4 25. Qf2 Qh5 {[%emt 0:00:23] [#]} (25... Qg5 $1 $11 {keeps the balance.}) 26. Qf3 (26. Qg2 $1 $16 {[%cal Of1f4] aiming for Rxf4!} Bd7 27. Rf3) 26... Qh4 {[%emt 0:00:05] The position is equal.} 27. Qg2 Bd7 28. Rf3 Rf6 29. Raf1 Raf8 (29... Bxa4 30. Ne2 Be5 31. Rxf6 Bxf6 32. Rf4 $18 (32. b3 Bd7 $11)) 30. Ne2 Rg6 31. Nxf4 Rxg2 32. Nxg2 Rxf3 33. Rxf3 Qh5 34. Rf7+ Kh8 35. Nf4 Qd1+ 36. Kh2 Qd2+ (36... Qxc2+ $2 37. Kg3 b5 38. Bd5 $18) 37. Kg3 {[%emt 0:06:21] Intending Ng6+ and mate.} Qe1+ 38. Kh2 {[%emt 0:00:04] Really sharp!} Qd2+ 39. Kg3 {[%emt 0:00:09] White wants to mate with Ng6+.} Qe1+ 40. Kh2 Qd2+ {[%emt 0:00:04] Weighted Error Value: White=0.17 (very precise) /Black=0.17 (very precise)} 1/2-1/2

[Event "USA Junior-ch 2022"]
[Site "Saint Louis"]
[Date "2022.07.08"]
[Round "2.4"]
[White "Jacobson, Brandon"]
[Black "Mishra, Abhimanyu"]
[Result "1/2-1/2"]
[ECO "D30"]
[WhiteElo "2544"]
[BlackElo "2553"]
[Annotator "TA"]
[PlyCount "87"]
[EventDate "2022.07.07"]
[EventType "tourn"]
[EventCountry "USA"]
[SourceTitle "playchess.com"]
[Source "ChessBase"]
[SourceQuality "1"]
[TimeControl "40/5400+30:1800+30"]

1. d4 d5 2. c4 c6 3. Nf3 Nf6 4. e3 e6 5. Bd3 dxc4 6. Bxc4 Nbd7 7. O-O Bd6 {[%emt 0:00:24] 7...Bd6 is better than 7...b5.} 8. Re1 {[%emt 0:02:00] D30: Queen's Gambit Declined: Systems without Nc3.} O-O 9. e4 {[%emt 0:00:19] [#] Hoping for e5.} e5 10. h3 h6 11. Nc3 {[%emt 0:01:18] [#]} b5 $146 ({Predecessor:} 11... exd4 12. Nxd4 Ne5 13. Be2 Ng6 14. Be3 Bb4 15. f3 Qe7 16. Bf1 Nh5 17. Nde2 Be6 18. g4 {1-0 (53) Halbich,A (1922)-Deissenberger,A (1745) Bayern 2018}) 12. Bb3 Bb7 13. Be3 a6 14. Nh4 c5 15. Nf5 {[%emt 0:20:48] White is more active.} cxd4 16. Nxd6 {[%emt 0:00:09] [#] Black must now prevent Bxd4.} (16. Bxh6 {keeps more tension.} gxh6 17. Nxd6 dxc3 18. Nxb7 Qb6 19. Nd6) 16... dxe3 17. Rxe3 ({But not} 17. Nxb7 exf2+ 18. Kxf2 Qb6+ 19. Kf1 Qxb7 $17) 17... Nc5 18. Nxb7 Nxb7 19. Qxd8 Rfxd8 20. Nd5 Nc5 21. Nxf6+ gxf6 22. Bd5 Rac8 23. Ra3 Kg7 24. Rg3+ Kf8 25. Rf3 Ke7 26. Rg3 f5 27. Re1 (27. Rg7 {looks sharper.} fxe4 28. Bxf7 Kf6 29. Rh7) 27... fxe4 28. Bxe4 {[%emt 0:00:08] The position is equal.} Nxe4 29. Rxe4 $11 {[%emt 0:00:02][%mdl 4096] Endgame KRR-KRR} Rc5 30. b4 Rcd5 (30... Rd4 $5 31. Rge3 (31. bxc5 Rxe4 32. Ra3 Ra4 $15) 31... Rxe4 32. Rxe4 Rc1+ 33. Kh2 f6 $11) 31. Rge3 Kf6 32. Rh4 Kg6 33. Rg4+ Kh7 $1 34. f4 f5 35. Rgg3 e4 36. Rc3 R8d7 37. Rc6 R5d6 {[%emt 0:00:28] Against Rg6} 38. Rgc3 Kg6 39. g4 h5 40. g5 h4 41. Kf2 Kg7 42. Rxd6 Rxd6 43. Ke2 Kg6 44. a3 {[%emt 0:00:24] Weighted Error Value: White=0.07 (flawless) /Black=0.05 (flawless)} 1/2-1/2